 Dungeon Crawl Stone Soup version 0.29.1-13-g9f3cf754e1 (webtiles) character file.

Game seed: 7253241213557176193

36 pilgrim the Gusty (level 3, -3/20 HPs)
             Began as a Tengu Air Elementalist on Feb 10, 2023.
             Slain by a gnoll
             ... wielding a +0 whip
              (6 damage)
             ... on level 3 of the Dungeon.
             The game lasted 00:03:41 (1085 turns).

pilgrim the Gusty (Tengu Air Elementalist)          Turns: 1085, Time: 00:03:42

Health: -3/20      AC:  2    Str:  8    XL:     3   Next: 37%
Magic:  1/7        EV: 13    Int: 15    God:
Gold:   54         SH:  0    Dex: 16    Spells: 5/6 levels left

rFire   . . .      SeeInvis +   e - +0 short sword
rCold   . . .      Faith    .   (no shield)
rNeg    + . .      Spirit   .   h - +0 robe {rN+}
rPois   +          Reflect  .   (helmet restricted)
rElec   .          Harm     .   (no cloak)
rCorr   .          Rampage  .   (no gloves)
Will    .....                   (boots unavailable)
Stlth   ++........              (no amulet)
HPRegen 0.06/turn               d - ring of poison resistance
MPRegen 0.10/turn               c - ring of see invisible

@: no status effects
A: beak, talons 3
a: no special abilities


You were on level 3 of the Dungeon.
You visited 1 branch of the dungeon, and saw 4 of its levels.

You collected 54 gold pieces.

Inventory:

Hand Weapons
 e - a +0 short sword (weapon)
Armour
 a - a +0 robe
 h - a +0 robe of positive energy (worn)
Jewellery
 c - a ring of see invisible (right hand)
 d - a ring of poison resistance (left hand)
 f - a ring of poison resistance
Scrolls
 g - a scroll of noise {unknown}
 i - a scroll of enchant weapon {unknown}
 j - a scroll of vulnerability {unknown}
Potions
 b - a potion of magic


   Skills:
 + Level 1.2 Fighting
 + Level 2.7 Dodging
 - Level 2.0 Stealth
 + Level 2.4 Spellcasting
 + Level 2.3 Conjurations
 - Level 4.0 Air Magic


You had 5 spell levels left.
You knew the following spells:

 Your Spells              Type           Power      Damage    Failure   Level
a - Shock                 Conj/Air       44%        1d5       6%          1

Your spell library contained the following spells:

 Spells                   Type           Power      Damage    Failure   Level
 Static Discharge         Conj/Air       11%        3-5/arc   9%          2
 Swiftness                Air            13%        N/A       12%         3
 Airstrike                Air            6%         2d(1-17)  38%         4


Dungeon Overview and Level Annotations

Branches:
Dungeon (4/15)
 Temple: D:4-7

Altars:

Shops:
D:1 *


Innate Abilities, Weirdness & Mutations

You have a beak for a mouth.
You have claws for feet.


Message History

You struggle against the net.
Aiming: Shock (safe; 6% risk of failure)
Press: ? - help, Q - select action Shift-Dir - straight line, f - gnoll, p - gnoll
Aim: a gnoll, wielding a +0 spear (severely wounded, 72% to hit)
The zap hits the gnoll.
The gnoll is almost dead.
The zap misses the gnoll.
The gnoll barely misses you. x2
Aiming: Shock (safe; 6% risk of failure)
Press: ? - help, Q - select action Shift-Dir - straight line, p - gnoll The zap hits the gnoll.
You kill the gnoll!
The zap hits the gnoll.
The gnoll is moderately wounded.
The gnoll barely misses you.
Aiming: Shock (safe; 6% risk of failure)
Press: ? - help, Q - select action Shift-Dir - straight line The zap hits the gnoll.
The gnoll is lightly wounded.
The zap hits the gnoll.
The gnoll is moderately wounded.
The gnoll hits you from afar with a +0 spear.
You shred the net and break free! The gnoll misses you.
The gnoll attacks as you move away! The gnoll closely misses you. x2
The gnoll attacks as you move away! The gnoll hits you with a +0 whip.
The gnoll attacks as you move away! The gnoll hits you with a +0 whip!
Ouch! That really hurt!
* * * LOW HITPOINT WARNING * * *
Aiming: Shock (safe; 6% risk of failure)
Press: ? - help, Q - select action Shift-Dir - straight line The zap misses the gnoll.
The zap hits the gnoll.
The gnoll is lightly wounded.
The zap hits the gnoll.
The gnoll is moderately wounded.
The gnoll completely misses you.
You don't have enough magic to cast this spell.
You don't have enough magic to cast this spell.
The gnoll attacks as you move away! The gnoll completely misses you.
The gnoll attacks as you move away! The gnoll hits you with a +0 whip.
You die...

#.............o #..#
#...........#### #).#
#...........+ #..#
#...........# #
#..#######
#######..#### .#
#.........
#..#####.#.##g#######
#...........#.#
.######......######g#
.............'..@gg.#
#....###.....########
#.##..##.##'######
#..............#
#.#.#........###.#
#.#.###......# #.#
#.#.####.....# #.#
#............#
#.######
#.......>....#
#......#


You could see 3 gnolls.

Vanquished Creatures
  An adder (D:3)
  A gnoll (D:3)
  2 dart slugs
  A goblin (D:1)
  2 hobgoblins (D:1)
  A kobold (D:2)
  2 quokkas
  A ball python (D:1)
  3 rats
14 creatures vanquished.

Notes
Turn   | Place    | Note
-------+----------+-------------------------------------------
     0 | D:1      | pilgrim the Tengu Air Elementalist began the quest for the
                  | Orb.
     0 | D:1      | Reached XP level 1. HP: 10/10 MP: 4/4
   375 | D:1      | Found Pufeffan's General Store.
   402 | D:1      | Reached XP level 2. HP: 16/16 MP: 3/6
   539 | D:1      | You fall into a shaft and drop 1 floor!
   757 | D:3      | Reached skill level 1 in Fighting
   757 | D:3      | Reached XP level 3. HP: 2/20 MP: 3/7
  1085 | D:3      | Slain by a gnoll

Illustrated notes

Levels and vault maps discovered:
D:1:      elethiomel_arrival_maze, layout_loops_corners,
          nicolae_ecumenical_snake_handling, serial_co_window_serial,
          co_window_corner_a, co_window_corner_a, co_window_paths_b,
          co_window_paths_a, co_window_paths_b, co_window_paths_a,
          co_window_paths_b, co_window_paths_a, co_window_of_opportunity_a,
          co_window_2corner, co_window_corner_cb, co_window_corner_b,
          co_window_paths_c, co_window_of_opportunity_c,
          co_window_of_opportunity_b, co_window_paths_d, glass_columns_b,
          glass_columns_a, serial_shops, nicolae_diamond_shop,
          minmay_tetromino_s4
D:2:      layout_basic
D:3:      layout_basic
D:4:      layout_gridville, temple_fountains, solitary_fountain, st_stairs_3,
          kennysheep_generic_room_7, uniq_sigmund

Skill      XL: |  1  2 |
---------------+-------+-----
Conjurations   | 2 |  2.3
Fighting       | 1 |  1.2
Dodging        | |  2.7
Stealth        | |  2.0
Spellcasting   | |  2.4
Air Magic      | |  4.0

Action                   || total
-------------------------++-------
Melee: Short sword       ||     8
 Cast: Shock             ||    36
  Use: Potion            ||     1
Armor: Robe              ||     1
Dodge: Dodged            ||    15
